 Dungeon Crawl Stone Soup version 0.21-a0-201-g8501b10 (webtiles) character file.

693467 Helio the Ninja (level 27, -1/164 HPs)
             Began as a Spriggan Enchanter on Aug 16, 2017.
             Was the Champion of Dithmenos.
             Killed from afar by an orb of fire (7 damage)
             ... with a fireball
             ... on level 5 of the Realm of Zot on Aug 17, 2017.
             The game lasted 05:47:16 (107619 turns).

Helio the Ninja (Spriggan Enchanter)              Turns: 107619, Time: 05:47:17

Health: -1/164     AC: 16    Str: 16    XL:     27
Magic:  31/46      EV: 40    Int: 24    God:    Dithmenos [******]
Gold:   4291       SH: 11    Dex: 18    Spells: 5/74 levels left

rFire    + . .     SeeInvis +   o - +9 quick blade (drain)
rCold    + . .     Gourm    .   V - +3 warlock's mirror {reflect}
rNeg     + + .     Faith    .   z - +2 robe {rC+ rF+}
rPois    .         Spirit   .   F - +0 mask of the Dragon {MR+ Slay+3 SInv}
rElec    +         Reflect  +   M - +2 cloak {+Inv}
rCorr    .         Harm     .   (gloves unavailable)
MR       +++++                  (boots unavailable)
Stlth    ++++++++++             J - amulet "Isodeter" {RegenMP rElec rN+}
HPRegen  0.37/turn              s - +5 ring of protection
MPRegen  0.55/turn              n - ring "Derutoz" {*Slow rN+ Str+4 Int+6}

@: about to teleport, very slightly contaminated, wreathed by umbra, studying 2
skills, very quick
A: unfitting armour, molten scales 1, slimy green scales 1, thin skeletal
structure 1, camouflage 1, see invisible, blink, clumsy 1, dopey 1, herbivore 3,
speed 3, low mp 1, slow metabolism 2, evolution 1
}: 3/15 runes: serpentine, barnacled, silver
a: Blink, Shadow Step, Shadow Form, Renounce Religion, Evoke Invisibility


You were on level 5 of the Realm of Zot.
You worshipped Dithmenos.
Dithmenos was exalted by your worship.
You were not hungry.

You visited 11 branches of the dungeon, and saw 53 of its levels.
You visited 1 bazaar.
You visited 1 ziggurat, and saw 10 of its levels.
You also visited: Sewer and Wizlab.

You collected 7920 gold pieces.
You spent 3629 gold pieces at shops.

Inventory:

Hand Weapons
 o - a +9 quick blade of draining (weapon)
 p - a +9 quick blade of protection
Missiles
 A - 14 throwing nets (quivered)
Armour
 z - a +2 robe of resistance (worn)
 F - the +0 mask of the Dragon (worn) {MR+ Slay+3 SInv}
   (You found it on level 5 of the Vaults)

   It affects your accuracy and damage with ranged weapons and melee attacks
   (+3).
   It affects your resistance to hostile enchantments.
   It lets you see invisible.
 H - the +3 robe of Miracles {rElec MR+ rCorr Stlth-}
   (You found it on level 10 of a ziggurat)

   It insulates you from electricity.
   It affects your resistance to hostile enchantments.
   It protects you from acid and corrosion.
   It makes you less stealthy.
 M - a +2 cloak of invisibility (worn)
 O - a scarf of cloud immunity
 V - the +3 warlock's mirror (worn) {reflect}
   (You acquired it on level 3 of the Realm of Zot)
 W - a +2 hat
Jewellery
 n - the ring "Derutoz" (right hand) {*Slow rN+ Str+4 Int+6}
   (You acquired it on level 5 of the Dungeon)

   [ring of intelligence]

   It affects your strength (+4).
   It affects your intelligence (+6).
   It protects you from negative energy.
   It may slow you when you take damage.
 q - an uncursed ring of protection from cold
 s - a +5 ring of protection (left hand)
 D - the ring "Cilas" {+Fly rN++}
   (You took it off a vampire knight on level 3 of the Depths)

   [ring of flight]

   It greatly protects you from negative energy.
   It lets you fly.
 J - the amulet "Isodeter" (around neck) {RegenMP rElec rN+}
   (You found it on level 14 of the Dungeon)

   [amulet of magic regeneration]

   It increases your magic regeneration.
   It insulates you from electricity.
   It protects you from negative energy.
 R - the ring "Noffosat" {rPois EV+1 Str+2 Stlth+}
   (You found it on level 8 of a ziggurat)

   [ring of evasion]

   It affects your evasion (+1).
   It affects your strength (+2).
   It protects you from poison.
   It makes you more stealthy.
 U - an uncursed ring of protection from fire
Wands
 a - a wand of digging (3/24)
 j - a wand of digging (12/24)
 G - a wand of enslavement (6/24)
 L - a wand of enslavement (19/24)
Scrolls
 c - 5 scrolls of recharging
 e - 3 scrolls of magic mapping
 f - 7 scrolls of identify
 g - 20 scrolls of teleportation
 m - 35 scrolls of remove curse
 t - 8 scrolls of fog
 I - a scroll of enchant armour
 N - 4 scrolls of enchant weapon
 X - 7 scrolls of fear
Potions
 i - 15 potions of curing
 l - 9 potions of flight
 r - 2 potions of ambrosia
 u - 3 potions of magic
 w - 4 potions of brilliance
 x - a potion of heal wounds
 C - 6 potions of mutation
 P - 10 potions of lignification
 Y - 3 potions of cancellation
Books
 b - a book of Death

   Spells                             Type                      Level
   a - Corpse Rot                     Necromancy                   2
   b - Sublimation of Blood           Necromancy                   2
   c - Agony                          Necromancy                   5
   d - Dispel Undead                  Necromancy                   5
   e - Excruciating Wounds            Charms/Necromancy            5
   f - Bolt of Draining               Conjuration/Necromancy       5
 h - a manual of Dodging
 k - a manual of Throwing
 E - a manual of Polearms
Miscellaneous
 B - 6 phantom mirrors
Comestibles
 d - 11 bread rations


   Skills:
 + Level 23.2 Fighting
 - Level 14.0 Short Blades
 O Level 27 Dodging
 O Level 27 Stealth
 - Level 8.0 Shields
 - Level 24.0 Spellcasting
 - Level 9.5 Conjurations
 - Level 21.0 Hexes
 - Level 14.0 Charms
 - Level 6.1 Necromancy
 - Level 3.5 Translocations
 - Level 4.0 Air Magic
 - Level 8.1 Evocations


You had 5 spell levels left.
You knew the following spells:

 Your Spells              Type           Power        Failure   Level  Hunger
a - Ensorcelled Hibernat  Hex/Ice        ######       1%          2    None
b - Corona                Hex            #######      0%          1    None
c - Confuse               Hex            #######.     0%          3    None
d - Tukima's Dance        Hex            #######.     0%          3    None
e - Dazzling Spray        Conj/Hex       ######       0%          3    None
f - Discord               Hex            #######...   1%          8    #####..
g - Silence               Hex/Air        ######....   1%          5    None
h - Invisibility          Hex            #######.     1%          6    None
i - Passage of Golubria   Tloc           N/A          3%          4    None
j - Deflect Missiles      Chrm/Air       ######....   4%          6    None
k - Spectral Weapon       Hex/Chrm       #######.     0%          3    None
l - Cause Fear            Hex            #######...   0%          4    None
m - Darkness              Hex            #######...   1%          6    None
n - Passwall              Tmut/Erth      ####......   1%          2    None
o - Dispel Undead         Necr           ######..     2%          5    None
p - Controlled Blink      Tloc           N/A          100%        8    #####..


Dungeon Overview and Level Annotations

Branches:
Dungeon (15/15)            Temple (1/1) D:4            Lair (6/6) D:10
 Shoals (4/4) Lair:2        Snake (4/4) Lair:2        Slime (0/5) Lair:6
    Orc (2/2) D:12            Elf (3/3) Orc:2        Vaults (5/5) D:14
  Crypt (3/3) Vaults:3       Tomb (0/3) Crypt:3      Depths (5/5) D:15
    Zot (5/5) Depths:5

Altars:
Ashenzari
Cheibriados
Dithmenos
Elyvilon
Fedhas
Gozag
Hepliaklqana
Kikubaaqudgha
Makhleb
Nemelex Xobeh
Okawaru
Qazlal
Ru
Sif Muna
Trog
Uskayaw
Vehumet
Wu Jian
Xom
Yredelemnul
Zin
The Shining One
Jiyva
Lugonu

Shops:
D:7 (   D:8 =   Orc:2 *[=(   Elf:1 =}}   Snake:1 (   Snake:2 *   Vaults:4 !!(=*
Vaults:5 *

Portals:
Hell: Depths:1 Depths:2 Depths:3 Depths:4 Depths:5
Abyss: Depths:1 Depths:4 Depths:5
Pandemonium: Depths:1 Depths:3

Annotations:
Vaults:1 kroki's ghost, adept HOFi
Zot:5 exclusion: orange crystal statue
Abyss:1 Margery


Innate Abilities, Weirdness & Mutations

You are very small and have problems with some larger weapons.
You are too small for most types of armour.
You have supernaturally acute eyesight. (SInv)
You are a herbivore.
You cover ground extremely quickly.
You need consume almost no food.
You are partially covered in molten scales. (AC +2)
You are partially covered in slimy green scales. (AC +2)
You have a somewhat thin skeletal structure. (Dex +2, Stealth)
Your skin changes colour to match your surroundings (Stealth+).
You can translocate small distances at will.
You are clumsy. (Dex -2)
You are dopey. (Int -2)
Your magical capacity is low. (-10% MP)
You evolve.


Message History

The storm dragon tramples the white draconian but does no damage.
Unknown command.
The orb of fire glows bright magenta.
The bolt of fire hits the orb of fire.
The orb of fire completely resists.
The bolt of fire hits you! You resist.
* * * LOW HITPOINT WARNING * * *
Dithmenos accepts your kill.
You feel a bit more experienced.
Unknown command.
You feel much better.
The orb of fire glows red.
The bolt of fire hits you! You resist.
* * * LOW HITPOINT WARNING * * *
The Orb Guardian hits you!
* * * LOW HITPOINT WARNING * * *
The Killer Klown blinks!
The Orb Guardian completely misses you.
The yellow draconian shifter blinks!
The orb of fire glows yellow.
The fireball explodes!
The fireball engulfs you! You resist.
You die...

#########...###..................
##....##......p.........#
###.........XqX)......#*
#▓▓▓▓▓▓#▓▓▓▓##8d..8▓▓
▓▓▓▓......^........▓*
##▓.§.§...§...d.......▓
##..(.....§...*...^..... ▓▓▓▓▓▓▓*
#....§§§.§§§§§..........
..X..§§▓*▓....§.@Xdq§§§..........
..^.§§§§▓▓.)...***d§§§...........
..X..§§X§▓...§§§X§§§§§..........▓
...0.§§X§...*..^d§§§§..........▓▓
.......*X▓.....qDd§§.q...p......*
.......§▓▓..........d........(.,,
.....§§▓▓▓....................,,,
▓▓▓▓▓▓▓▓ ▓...%..............),,,,
▓▓.........../.....,,,,,


You could see 4 orbs of fire, 2 draconians, a yellow draconian shifter and 2 Orb
Guardians.

Vanquished Creatures
  5 ancient liches
  Mennas (Crypt:1)
  Frederick (Depths:3)
  Boris (twice) (Vaults:2 Depths:5)
  3 caustic shrikes (Depths:3)
  2 curse toes
  Xtahua (Crypt:2)
  13 golden dragons
  2 profane servitors
  Jory (Vaults:2)
  2 bone dragons
  A shard shrike zombie (Crypt:2)
  33 tentacled monstrosities
  2 electric golems
  7 quicksilver dragons
  3 deep elf blademasters
  3 liches
  4 Orb Guardians (Zot:5)
  5 titans (Vaults:5)
  5 sphinxes
  A kraken (Shoals:2)
  Donald (Elf:2)
  4 death cobs
  2 ancient champions
  9 tengu reavers
  13 storm dragons
  8 nagarajas
  3 draconian monks
  8 shadow dragons
  2 revenants
  An azure jelly (shapeshifter) (Vaults:3)
  8 frost giants
  6 deep elf sorcerers
  Louise (Elf:3)
  7 fire giants
  11 vault wardens
  3 orc warlords
  5 draconian knights
  8 ghost moths
  11 ghouls
  3 curse skulls
  2 draconian shifters
  An emperor scorpion (Zig:7)
  4 deep elf elementalists
  A juggernaut zombie (Depths:5)
  A draconian scorcher (Zot:3)
  A reaper (Crypt:2)
  2 draconian stormcallers
  6 war gargoyles
  A caustic shrike skeleton (Crypt:1)
  11 ironheart preservers
  3 draconian annihilators
  14 vampire knights
  5 entropy weavers
  12 very ugly things
  6 deep elf annihilators
  6 black draconians
  14 stone giants
  9 green draconians
  A spark wasp (shapeshifter) (Depths:3)
  12 white draconians
  8 purple draconians
  5 red draconians
  4 deep elf demonologists
  22 ettins
  A spark wasp (Zig:7)
  Azrael (D:13)
  A green death (Snake:2)
  10 yellow draconians
  18 eidola
  8 deep elf death magi
  2 pearl dragon zombies (Depths:1)
  2 ettins (shapeshifter)
  3 merfolk javelineers
  5 ogre magi
  A mummy priest (Crypt:3)
  14 merfolk impalers
  4 fire dragons
  12 yaktaur captains
  3 deep elf high priests
  2 crystal guardians (WizLab)
  4 jiangshi
  8 ice dragons
  A quicksilver dragon skeleton (Vaults:5)
  A hydra (shapeshifter) (Vaults:5)
  A spriggan air mage (Depths:4)
  3 great orbs of eyes
  3 hydras
  6 rakshasas
  15 naga warriors
  2 merfolk avatars
  An anaconda (shapeshifter) (Vaults:5)
  A merfolk aquamancer (Shoals:4)
  10 centaur warriors
  Erolcha (D:12)
  An alligator snapping turtle (shapeshifter) (Vaults:5)
  A satyr (Shoals:4)
  11 anacondas
  21 dancing weapons
  21 two-headed ogres
  7 death knights
  A queen ant (Lair:4)
  4 deep troll shamans
  5 deep troll earth magi
  A titan zombie (Crypt:3)
  3 hell hogs (Depths:1)
  5 orc high priests
  7 tengu warriors
  5 vampire magi
  A shock serpent (shapeshifter) (Vaults:4)
  7 shock serpents
  4 hell knights
  8 naga sharpshooters
  3 shadow wraiths
  23 deep elf knights
  43 skeletal warriors
  A fire crab (Lair:6)
  A small abomination (Elf:3)
  10 sea snakes
  2 iron trolls (Depths:5)
  A salamander mystic (Snake:3)
  A spriggan druid (Elf:3)
  2 spark wasp zombies
  7 glowing orange brains
  3 unseen horrors
  A golden dragon zombie (Crypt:3)
  6 flayed ghosts
  An anaconda zombie (Crypt:1)
  Pikel (D:8)
  11 deep elf archers
  3 glowing orange brains (shapeshifter)
  2 lindwurms (shapeshifter) (Depths:3)
  3 wizards
  9 deep trolls
  24 phantasmal warriors
  2 shadow dragon zombies
  7 ironbrand convokers
  2 iron dragon zombies (Crypt:3)
  14 harpies
  10 naga ritualists
  A sphinx zombie (Depths:4)
  19 mana vipers
  16 orc knights
  10 orc sorcerers
  3 orb spiders
  13 necromancers
  8 wolf spiders
  A fire giant zombie (Crypt:3)
  8 fauns
  50 deep elf magi
  9 ugly things
  10 cyclopes
  A frost giant zombie (Crypt:1)
  An oklob plant (Lair:3)
  A human zombie (Vaults:4)
  12 manticores
  A salamander (shapeshifter) (Depths:1)
  8 elephants (Lair:6)
  9 salamanders
  19 naga magi
  3 centaur zombies
  16 moths of wrath
  3 guardian serpents
  4 apis skeletons (Depths:1)
  A frost giant skeleton (Vaults:4)
  43 black mambas
  11 merfolk sirens
  8 water nymphs
  5 gargoyles
  17 vault sentinels
  Psyche (D:10)
  A torpor snail (shapeshifter) (Depths:3)
  2 ice statues
  2 emperor scorpion zombies (Crypt:3)
  A torpor snail (Zig:7)
  10 spiny frogs
  A rime drake (shapeshifter) (Vaults:3)
  3 kobold demonologists
  A redback zombie (D:13)
  4 rime drakes
  8 freezing wraiths
  7 komodo dragons
  50 yaktaurs
  A tormentor (Zig:9)
  A demonic crawler (Zig:6)
  A swamp worm zombie (Crypt:2)
  A komodo dragon (shapeshifter) (Depths:3)
  2 guardian mummies (Crypt:3)
  A golden dragon simulacrum (Depths:4)
  A queen bee (shapeshifter) (Depths:3)
  8 jumping spiders
  4 tengu conjurers
  11 trolls
  A troll (shapeshifter) (Depths:3)
  2 hornets (shapeshifter)
  31 merfolk
  13 polar bears
  A meliai (shapeshifter) (Vaults:2)
  7 snapping turtles
  A hippogriff (shapeshifter) (D:14)
  6 wind drakes
  10 hornets
  A raiju (shapeshifter) (Depths:4)
  29 slime creatures
  A dream sheep (Shoals:4)
  11 hippogriffs
  9 blink frogs
  An ice dragon zombie (Crypt:2)
  2 raiju (Lair:6)
  2 ettin zombies
  A fire giant simulacrum (Crypt:2)
  5 human simulacra
  A frost giant simulacrum (Crypt:2)
  An ice dragon skeleton (Crypt:1)
  7 air elementals
  An elf skeleton (Depths:4)
  5 shadows
  6 flying skulls (Crypt:2)
  3 spriggans (Depths:3)
  6 tarantellas
  An ushabti (Crypt:3)
  15 wraiths
  2 spriggans (shapeshifter)
  2 fire elementals (D:13)
  2 basilisks
  8 water elementals
  Eustachio (D:6)
  A human (D:10)
  3 wyverns
  46 yaks
  7 redbacks
  A basilisk (shapeshifter) (Vaults:2)
  3 hogs (D:10)
  A steam dragon (D:11)
  7 hungry ghosts
  11 vampire mosquitoes
  Edmund (D:6)
  2 acid dragons
  37 nagas
  A water moccasin (shapeshifter) (Vaults:5)
  18 soldier ants
  10 wargs
  18 hell hounds
  6 porcupines
  2 infernal demonspawn skeletons
  13 water moccasins
  A water nymph skeleton (Crypt:2)
  2 floating eyes
  12 black bears
  7 ice beasts
  A slave (D:8)
  41 orc warriors
  An ice beast (shapeshifter) (Depths:4)
  5 sky beasts
  A swamp drake (Lair:3)
  An eye of draining (D:12)
  A fire dragon simulacrum (Crypt:1)
  A swamp dragon zombie (Crypt:3)
  15 necrophages
  4 boggarts
  30 ogres
  19 wolves
  A blink frog zombie (Crypt:1)
  5 phantoms
  18 centaurs
  A crocodile (shapeshifter) (Depths:4)
  10 crocodiles
  5 big kobolds
  8 earth elementals
  An elf zombie (Crypt:2)
  14 bullfrogs
  A salamander skeleton (Crypt:1)
  2 spriggan zombies
  11 scorpions
  A warg zombie (Crypt:1)
  11 wyvern skeletons
  A scorpion (shapeshifter) (Vaults:5)
  23 killer bees
  4 wights
  A troll skeleton (Crypt:1)
  3 howler monkeys
  7 crimson imps
  A wolf skeleton (Crypt:2)
  3 hounds
  5 jellies
  22 orc priests
  A wyvern simulacrum (D:14)
  2 iron imps
  7 centaur skeletons
  3 iguanas
  44 orc wizards
  34 worker ants
  8 ogre zombies (D:12)
  A crocodile zombie (Crypt:2)
  A big kobold skeleton (Crypt:1)
  2 hound zombies
  A hound skeleton (D:6)
  A worker ant zombie (D:8)
  3 gnolls
  17 adders
  A river rat (D:4)
  4 shadow imps
  6 oozes
  A worm zombie (Crypt:1)
  An adder skeleton (D:9)
  9 worms
  A dart slug (D:3)
  8 leopard geckos
  110 orcs
  9 bats
  5 giant cockroaches
  7 goblins
  6 hobgoblins (D:3)
  14 jackals
  7 quokkas
  3 ball pythons
  3 frilled lizards
  A gnoll skeleton (Crypt:1)
  2 goblin skeletons (D:12)
  4 goblin zombies (D:12)
  3 hobgoblin skeletons
  3 hobgoblin zombies (D:12)
  19 kobolds
  3 leopard gecko skeletons
  An orc skeleton (D:12)
  13 orc zombies (D:12)
  5 rats
  4 crawling corpses (Elf:3)
  A plant (Lair:3)
  A withered plant (Crypt:3)
2309 creatures vanquished.

Vanquished Creatures (collateral kills)
  2 juggernauts (Depths:3)
  4 caustic shrikes (Depths:4)
  2 Killer Klowns (Zig:10)
  3 golden dragons (Depths:4)
  4 liches
  An electric golem (Zot:5)
  Jorgrun (Depths:3)
  2 tentacled monstrosities
  A deep elf master archer (Elf:3)
  9 Orb Guardians (Zot:5)
  A titan (Vaults:5)
  2 sphinxes
  2 storm dragons
  4 tengu reavers
  6 nagarajas
  A draconian monk (Zot:2)
  2 fire giants
  Ilsuiw (Shoals:4)
  4 vault wardens
  3 deep elf sorcerers
  2 draconian knights
  2 draconian scorchers
  3 frost giants
  2 draconian shifters (Zot:2)
  A warmonger (Zig:9)
  2 draconian stormcallers
  A reaper (Zig:9)
  6 stone giants
  5 draconian annihilators
  A war gargoyle (Vaults:5)
  2 entropy weavers
  4 ironheart preservers
  4 green draconians
  6 deep elf demonologists
  5 vampire knights
  7 very ugly things
  4 black draconians
  5 purple draconians (Zot:2)
  7 white draconians
  4 deep elf annihilators
  4 red draconians
  4 yellow draconians
  A spark wasp (shapeshifter) (Zig:10)
  4 spark wasps
  2 merfolk javelineers (Shoals:4)
  An eidolon (Crypt:2)
  2 merfolk impalers
  2 fire dragons
  A green death (Snake:2)
  3 yaktaur captains
  3 deep elf high priests
  6 great orbs of eyes
  5 ice dragons
  7 ogre magi
  A rakshasa (Depths:2)
  20 vault guards
  8 naga warriors
  An anaconda (Zig:8)
  9 two-headed ogres
  6 spriggan air magi
  4 merfolk aquamancers (Shoals:4)
  A centaur warrior (Vaults:1)
  A tengu warrior (Depths:5)
  6 dancing weapons (Elf:2)
  4 deep troll earth magi
  5 deep troll shamans
  5 spriggan berserkers
  7 deep elf knights
  8 hell knights
  7 naga sharpshooters
  A spriggan (Depths:5)
  3 orc knights
  An iron troll (Depths:5)
  4 skeletal warriors (Vaults:2)
  4 sea snakes
  A shadow demon (Zig:9)
  3 wizards
  3 glowing orange brains
  A flayed ghost (Crypt:2)
  22 deep trolls
  3 deep elf archers
  6 naga ritualists
  4 necromancers
  8 phantasmal warriors
  An ironbrand convoker (Vaults:4)
  19 ugly things
  20 deep elf magi
  A harpy (Shoals:4)
  A wolf spider (shapeshifter) (Zig:10)
  A wolf spider (Vaults:2)
  6 cyclopes
  A merfolk siren (Shoals:4)
  6 moths of wrath
  A moth of wrath (shapeshifter) (Depths:3)
  A manticore (Shoals:3)
  2 salamanders
  A salamander (shapeshifter) (Zig:10)
  A guardian serpent (Snake:4)
  5 black mambas
  A gargoyle (WizLab)
  15 naga magi
  A rime drake (shapeshifter) (Depths:3)
  A spriggan zombie (Depths:2)
  19 yaktaurs
  A freezing wraith (Vaults:5)
  A spark wasp simulacrum (Depths:2)
  7 merfolk
  2 tengu conjurers
  2 wind drakes
  4 slime creatures
  A shadow dragon simulacrum (Depths:2)
  A troll (Vaults:5)
  A hornet (shapeshifter) (Vaults:5)
  A hornet (Depths:5)
  2 dream sheep (Shoals:4)
  4 snapping turtles (Shoals:4)
  A spriggan skeleton (Depths:2)
  A redback (Vaults:1)
  5 air elementals (Depths:4)
  A redback (shapeshifter) (Depths:2)
  A wraith (Vaults:1)
  6 water elementals
  A fire elemental (Elf:2)
  3 chaos spawn (Zig:10)
  17 nagas
  A floating eye (shapeshifter) (Vaults:5)
  6 orc warriors
  16 ogres
  3 boggarts
  3 centaurs
  3 earth elementals
  An orc priest (Vaults:1)
  A gnoll (D:8)
  13 orcs
  A kobold (D:8)
  3 crawling corpses
  A fire vortex (Zig:9)
  4 spectral weapons
553 creatures vanquished.

Vanquished Creatures (others)
  A juggernaut (Depths:4)
  A caustic shrike (Depths:4)
  3 Orb Guardians (Zot:5)
  A deep elf master archer (Elf:3)
  A quicksilver dragon (Zot:5)
  A sphinx (Depths:5)
  A death cob (Zot:5)
  An orc warlord (Depths:5)
  A draconian knight (Zot:2)
  3 frost giants
  4 deep elf sorcerers (Elf:3)
  2 vault wardens
  A draconian scorcher (Zot:3)
  3 deep elf elementalists (Elf:3)
  3 ironheart preservers
  5 very ugly things
  A spark wasp (Depths:4)
  2 stone giants
  A war gargoyle (Vaults:2)
  A vampire knight (Depths:2)
  2 black draconians
  A white draconian (Zot:2)
  2 deep elf annihilators (Elf:3)
  3 yellow draconians
  A purple draconian (Zot:3)
  2 red draconians
  4 deep elf death magi
  2 ettins
  A merfolk impaler (Depths:2)
  4 ice dragons
  3 naga warriors (Snake:4)
  A deep elf high priest (Elf:3)
  6 vault guards
  2 ogre magi
  A centaur warrior (D:13)
  A tengu warrior (Depths:5)
  An anaconda (Zig:8)
  A dancing weapon (Snake:4)
  8 two-headed ogres
  A deep troll earth mage (Depths:4)
  2 hell knights
  2 shock serpents
  3 deep elf knights
  An orc knight (Depths:5)
  2 naga magi
  2 sea snakes
  2 deep trolls
  5 moths of wrath
  6 deep elf archers
  An ironbrand convoker (Vaults:5)
  3 necromancers
  2 phantasmal warriors
  An orc sorcerer (Depths:5)
  4 deep elf magi
  2 cyclopes (Shoals:1)
  A black mamba (Zig:8)
  2 gargoyles (WizLab)
  9 yaktaurs
  An ice devil (Depths:5)
  A tormentor (Zig:9)
  A merfolk (Shoals:3)
  A tengu conjurer (Depths:4)
  A slime creature (shapeshifter) (Zig:10)
  A slime creature (Depths:3)
  A shadow (Crypt:3)
  A warg (shapeshifter) (Elf:2)
  4 nagas
  An orc warrior (Vaults:5)
  2 slaves (D:8)
  An ogre (Vaults:1)
  2 centaurs (Vaults:4)
  A bullfrog (D:8)
  An orc priest (D:8)
  4 orcs
  A bush (Lair:6)
  A fire vortex (Zig:9)
  9 fungi
  29 plants
  10 spectral weapons
  22 withered plants (Crypt:3)
230 creatures vanquished.

Grand Total: 3092 creatures vanquished

Notes
Turn   | Place    | Note
-------+----------+-------------------------------------------
     0 | D:1      | Helio the Spriggan Enchanter began the quest for the Orb.
     0 | D:1      | Reached XP level 1. HP: 9/9 MP: 5/5
   776 | D:2      | Reached XP level 2. HP: 13/13 MP: 7/7
   780 | D:2      | Learned a level 2 spell: Ensorcelled Hibernation
  1671 | D:2      | You fall through a shaft!
  1809 | D:2      | Reached XP level 3. HP: 16/16 MP: 9/9
  1814 | D:2      | Learned a level 3 spell: Confuse
  1818 | D:2      | Learned a level 3 spell: Tukima's Dance
  3131 | D:3      | Reached skill level 5 in Hexes
  3221 | D:3      | Reached XP level 4. HP: 21/21 MP: 11/11
  3640 | D:3      | Found a shimmering altar of Xom.
  3861 | D:4      | Reached XP level 5. HP: 24/24 MP: 8/13
  3886 | D:4      | Reached skill level 5 in Spellcasting
  4409 | D:4      | Found a glowing drain.
  4414 | Sewer    | Entered a sewer
  5063 | Sewer    | Learned a level 3 spell: Dazzling Spray
  5790 | D:4      | Found a staircase to the Ecumenical Temple.
  6131 | Temple   | Entered the Ecumenical Temple
  6193 | Temple   | Became a worshipper of Dithmenos the Shadowed
  6420 | D:5      | Entered Level 5 of the Dungeon
  6437 | D:5      | Reached XP level 6. HP: 28/28 MP: 10/15
  6501 | D:5      | Noticed a sky beast
  6520 | D:5      | Killed a sky beast
  6526 | D:5      | Identified a scroll of acquirement
  6529 | D:5      | Got a crude bone ring
  6530 | D:5      | Identified the ring "Derutoz" {*Slow rN+ Str+4 Int+6} (You acquired it on level 5 of the Dungeon)
  6639 | D:5      | Reached skill level 5 in Stealth
  6663 | D:5      | Reached XP level 7. HP: 20/32 MP: 3/17
  7181 | D:5      | Reached * piety under Dithmenos
  7865 | D:6      | Noticed Edmund
  7893 | D:6      | Killed Edmund
  8125 | D:6      | Reached skill level 10 in Stealth
  8253 | D:6      | Reached XP level 8. HP: 36/36 MP: 15/18
  8636 | D:6      | Noticed Eustachio
  8643 | D:6      | Killed Eustachio
  8838 | D:7      | Noticed a two-headed ogre
  8855 | D:7      | Killed a two-headed ogre
  8855 | D:7      | Reached skill level 1 in Fighting
  8855 | D:7      | Reached XP level 9. HP: 36/41 MP: 13/20
  9420 | D:7      | Reached ** piety under Dithmenos
  9544 | D:7      | Noticed a red ugly thing
  9544 | D:7      | Noticed a gargoyle
  9548 | D:7      | Killed a red ugly thing
  9548 | D:7      | Reached skill level 5 in Dodging
  9550 | D:7      | Noticed a kobold demonologist
  9551 | D:7      | Killed a gargoyle
  9558 | D:7      | Noticed a soul eater
  9657 | D:7      | Killed a kobold demonologist
  9807 | D:7      | Got a scintillating copper ring
  9829 | D:7      | Identified the ring of Risys {rN+ Stlth+} (You found it on level 7 of the Dungeon)
  9988 | D:7      | Reached XP level 10. HP: 49/49 MP: 16/23
 10302 | D:7      | Found Huicw's Antique Weapon Emporium.
 10549 | D:8      | Reached skill level 5 in Short Blades
 10745 | D:8      | Found Yraezowy's Jewellery Boutique.
 10833 | D:8      | Noticed Pikel
 10895 | D:8      | Killed Pikel
 11220 | D:8      | Found an iron altar of Okawaru.
 11246 | D:8      | Reached *** piety under Dithmenos
 11697 | D:8      | Found a hide-covered altar of Uskayaw.
 11698 | D:8      | Found a sacrificial altar of Ru.
 12717 | D:8      | Bought a cursed ring of loudness for 54 gold pieces
 12717 | D:8      | Bought a cursed amulet of inaccuracy for 24 gold pieces
 12717 | D:8      | Bought a cursed -3 ring of intelligence for 24 gold pieces
 12972 | D:9      | Noticed a two-headed ogre
 12979 | D:9      | Killed a two-headed ogre
 12979 | D:9      | Reached skill level 1 in Conjurations
 13267 | D:9      | Noticed a two-headed ogre
 13318 | D:9      | Killed a two-headed ogre
 13318 | D:9      | Reached XP level 11. HP: 52/54 MP: 7/25
 13415 | D:9      | Found an ornate altar of the Wu Jian Council.
 13423 | D:9      | Found a blossoming altar of Fedhas.
 13649 | D:10     | Entered Level 10 of the Dungeon
 13695 | D:10     | Learned a level 8 spell: Discord
 13701 | D:10     | Learned a level 5 spell: Silence
 13900 | D:10     | Reached **** piety under Dithmenos
 14016 | D:10     | Noticed Psyche
 14023 | D:10     | Killed Psyche
 14082 | D:10     | Found a staircase to the Lair.
 14578 | D:11     | Noticed an unseen horror
 14579 | D:11     | Killed an unseen horror
 14579 | D:11     | Reached skill level 10 in Hexes
 14598 | D:11     | Noticed a two-headed ogre
 14613 | D:11     | Killed a two-headed ogre
 14613 | D:11     | Reached skill level 5 in Fighting
 14897 | D:11     | Reached skill level 10 in Spellcasting
 15674 | D:11     | Noticed a two-headed ogre
 15697 | D:11     | Killed a two-headed ogre
 15704 | D:11     | Reached skill level 15 in Stealth
 16299 | D:11     | Reached XP level 12. HP: 48/60 MP: 17/27
 16311 | D:11     | Reached ***** piety under Dithmenos
 16519 | D:11     | Reached skill level 10 in Dodging
 16519 | D:11     | Reached skill level 5 in Conjurations
 16764 | D:11     | Found a deep blue altar of Sif Muna.
 16817 | D:11     | Identified the Compendium of the Traveller and Sinister Magic
 16846 | D:11     | Identified the Handbook of Floating Orientation
 16866 | D:11     | Identified Sif Muna's Compendium of Evil Heat
 16886 | D:11     | Noticed a deep elf sorcerer
 16898 | D:11     | Killed a deep elf sorcerer
 17275 | D:11     | Identified the Guide on the Hurtful Frostbite
 17294 | D:11     | Got a clouded granite ring
 17296 | D:11     | Identified the cursed ring of Lielaxy {*Contam rC++ MR+ AC-4 Str+2} (You found it on level 11 of the Dungeon)
 17452 | D:11     | Identified the Compendium of Frigorific Malediction
 17463 | D:11     | Learned a level 4 spell: Cause Fear
 17468 | D:11     | Learned a level 4 spell: Passage of Golubria
 18304 | D:12     | Noticed Erolcha
 18310 | D:12     | Killed Erolcha
 18364 | D:12     | Found a staircase to the Orcish Mines.
 18788 | D:12     | Reached XP level 13. HP: 46/66 MP: 11/29
 19263 | D:12     | HP: 1/66 [large slime creature (37)]
 20710 | D:13     | Noticed Azrael
 20714 | D:13     | Killed Azrael
 21699 | D:14     | Got a pitted jade amulet
 21700 | D:14     | Identified the amulet "Isodeter" {RegenMP rElec rN+} (You found it on level 14 of the Dungeon)
 21771 | D:14     | Found a gate to the Vaults.
 22305 | D:14     | Reached ****** piety under Dithmenos
 22941 | D:14     | Reached XP level 14. HP: 67/72 MP: 18/31
 23521 | Lair:1   | Entered Level 1 of the Lair of Beasts
 24239 | Lair:2   | Found a staircase to the Snake Pit.
 24299 | Lair:2   | Found a staircase to the Shoals.
 25680 | Lair:3   | Reached skill level 10 in Short Blades
 27157 | Lair:4   | Noticed an entropy weaver
 27290 | Lair:4   | Killed an entropy weaver
 27615 | Lair:4   | Noticed an entropy weaver
 27627 | Lair:4   | Killed an entropy weaver
 28953 | Lair:6   | Entered Level 6 of the Lair of Beasts
 29366 | Lair:6   | Found a viscous altar of Jiyva.
 29367 | Lair:6   | Found a staircase to the Slime Pits.
 29592 | Lair:6   | Reached XP level 15. HP: 63/78 MP: 18/33
 30891 | Lair:6   | Got a slimy rapier
 30892 | Lair:6   | Identified the +0 rapier of Oenomania {pierce, rElec MP+9 Int+4} (You found it on level 6 of the Lair of Beasts)
 31497 | Orc:1    | Entered Level 1 of the Orcish Mines
 31629 | Orc:1    | Found a shimmering altar of Xom.
 32020 | Orc:1    | You fall through a shaft!
 32020 | Orc:2    | Entered Level 2 of the Orcish Mines
 32447 | Orc:2    | Noticed an orc warlord
 32540 | Orc:2    | Killed an orc warlord
 32802 | Orc:2    | Found Zinawifa's Antique Armour Emporium.
 32803 | Orc:2    | Found Badahoa's Antique Weapon Shoppe.
 32805 | Orc:2    | Found Duuzan's General Store.
 32805 | Orc:2    | Found Zeutzaeb's Jewellery Emporium.
 32833 | Orc:2    | Bought a glowing robe for 99 gold pieces
 32882 | Orc:2    | Bought a potion of curing for 39 gold pieces
 33610 | Orc:2    | Found a staircase to the Elven Halls.
 33864 | Elf:1    | Entered Level 1 of the Elven Halls
 34193 | D:15     | Entered Level 15 of the Dungeon
 34326 | D:15     | Found a staircase to the Depths.
 34415 | D:15     | Found a deep blue altar of Sif Muna.
 34873 | Depths:1 | Entered Level 1 of the Depths
 34959 | Depths:1 | Found a one-way gate leading to the halls of Pandemonium.
 35143 | Depths:1 | Found a basalt altar of Yredelemnul.
 35218 | Depths:1 | Noticed a profane servitor
 35220 | Depths:1 | Killed a profane servitor
 35220 | Depths:1 | Reached XP level 16. HP: 84/84 MP: 34/34
 35447 | Depths:1 | Found the +2 pair of boots of the Assassin {Detection Stab+ Stlth++}
 35741 | D:15     | Learned a level 6 spell: Deflect Missiles
 35990 | Depths:1 | Found a corrupted altar of Lugonu.
 35991 | Depths:1 | Found a one-way gate to the infinite horrors of the Abyss.
 36262 | Depths:1 | Found a gateway to Hell.
 36331 | Depths:1 | Noticed a golden dragon
 36774 | Snake:1  | Entered Level 1 of the Snake Pit
 36849 | Snake:1  | Reached skill level 15 in Dodging
 37068 | Snake:1  | Reached skill level 15 in Hexes
 37516 | Snake:1  | Found Hainwu's Antique Weapon Shop.
 38386 | Snake:2  | Found Jecwes's Assorted Antiques.
 38507 | Snake:2  | Bought a thick leatherbound book for 510 gold pieces
 38507 | Snake:2  | Bought a granite ring for 170 gold pieces
 38507 | Snake:2  | Bought a scroll of identify for 68 gold pieces
 38841 | Snake:2  | Found a runed door.
 39329 | Snake:2  | Got a pitted ivory ring
 39340 | Snake:2  | Identified the ring "Nayhiam" {rF- MR+ Int+4 Stlth+} (You took it off a naga mage on level 2 of the Snake Pit)
 39565 | Snake:3  | Reached XP level 17. HP: 88/88 MP: 31/36
 39698 | Snake:3  | Reached skill level 10 in Fighting
 40095 | Snake:4  | Entered Level 4 of the Snake Pit
 40499 | Snake:4  | Gained mutation: Armour fits poorly on your strangely shaped body. [potion of mutation]
 40499 | Snake:4  | Gained mutation: You have a somewhat thin skeletal structure. (Dex +2, Stealth) [potion of mutation]
 40526 | Snake:4  | Reached skill level 15 in Spellcasting
 42393 | Snake:4  | Got a serpentine rune of Zot
 44664 | Shoals:1 | Entered Level 1 of the Shoals
 44667 | Lair:2   | Upgraded the game from 0.21-a0-200-gb89f83b to 0.21-a0-201-g8501b10
 44953 | Shoals:1 | Reached XP level 18. HP: 80/95 MP: 38/38
 47581 | Shoals:4 | Entered Level 4 of the Shoals
 47942 | Shoals:4 | Noticed Ilsuiw
 47964 | Shoals:4 | Killed Ilsuiw
 48009 | Shoals:4 | Got a barnacled rune of Zot
 50281 | Vaults:1 | Entered Level 1 of the Vaults
 51271 | Vaults:1 | Reached XP level 19. HP: 100/100 MP: 36/40
 51772 | Vaults:1 | Noticed kroki's ghost (adept HOFi)
 53127 | Vaults:2 | Noticed Jory
 53173 | Vaults:2 | Killed Jory
 53173 | Vaults:2 | Reached skill level 1 in Charms
 53580 | Vaults:2 | Reached skill level 1 in Air Magic
 53974 | Vaults:2 | Reached skill level 1 in Translocations
 54081 | Vaults:2 | Noticed Boris
 54083 | Vaults:2 | Killed Boris
 55607 | Vaults:3 | Paralysed by a hornet for 2 turns
 55620 | Vaults:3 | Learned a level 3 spell: Spectral Weapon
 55944 | Vaults:3 | Reached XP level 20. HP: 106/106 MP: 32/42
 56011 | Vaults:3 | Found a staircase to the Crypt.
 56097 | Vaults:3 | Reached skill level 5 in Charms
 56970 | Vaults:4 | Found Girol's Distillery.
 56978 | Vaults:4 | Bought a potion of curing for 48 gold pieces
 56978 | Vaults:4 | Bought a potion of mutation for 128 gold pieces
 56978 | Vaults:4 | Bought a potion of curing for 48 gold pieces
 56978 | Vaults:4 | Bought a potion of haste for 160 gold pieces
 56978 | Vaults:4 | Bought a potion of brilliance for 64 gold pieces
 56978 | Vaults:4 | Bought a potion of berserk rage for 80 gold pieces
 58198 | Vaults:4 | Found Suapsex's Weapon Shoppe.
 58198 | Vaults:4 | Found Qorrah's Jewellery Emporium.
 58320 | Vaults:4 | Found Giceugh's General Store.
 58635 | Vaults:4 | Found Ogius's Distillery.
 58643 | Vaults:4 | Bought a potion of resistance for 120 gold pieces
 58643 | Vaults:4 | Bought a potion of might for 48 gold pieces
 58643 | Vaults:4 | Bought a potion of curing for 36 gold pieces
 58643 | Vaults:4 | Bought a potion of haste for 120 gold pieces
 58643 | Vaults:4 | Bought a potion of heal wounds for 60 gold pieces
 58643 | Vaults:4 | Bought a potion of agility for 48 gold pieces
 58643 | Vaults:4 | Bought a potion of curing for 36 gold pieces
 58643 | Vaults:4 | Bought a potion of cancellation for 96 gold pieces
 58643 | Vaults:4 | Bought a potion of cancellation for 96 gold pieces
 58643 | Vaults:4 | Bought a potion of might for 48 gold pieces
 58643 | Vaults:4 | Bought a potion of curing for 36 gold pieces
 59361 | Elf:1    | Reached skill level 1 in Evocations
 59943 | Elf:1    | Reached skill level 5 in Evocations
 60212 | Elf:1    | Found Onugoff's Jewellery Boutique.
 60212 | Elf:1    | Found Mozucuph's Gadget Shoppe.
 60225 | Elf:1    | Found Kifiguw's Gadget Shoppe.
 61046 | Elf:2    | Found a huge runed gate.
 61046 | Elf:2    | Found a huge runed gate.
 61046 | Elf:2    | Found a huge runed gate.
 61262 | Elf:2    | Identified the Guide on Frigorific Confrontation
 61501 | Elf:2    | Found a gateway to a bazaar.
 61509 | Bazaar   | Entered a bazaar
 61513 | Bazaar   | Found Hihisaokli's Distillery.
 61521 | Bazaar   | Found Zuogh's Antique Armour Shop.
 61536 | Bazaar   | Found Erefuic's Armour Shop.
 61538 | Bazaar   | Found Weishro's Antique Weapon Shop.
 61543 | Bazaar   | Found Dazyvul's Book Shoppe.
 61573 | Bazaar   | Bought a potion of curing for 36 gold pieces
 61573 | Bazaar   | Bought a potion of brilliance for 48 gold pieces
 61573 | Bazaar   | Bought a potion of magic for 96 gold pieces
 61573 | Bazaar   | Bought a potion of curing for 36 gold pieces
 61573 | Bazaar   | Bought a potion of haste for 120 gold pieces
 61573 | Bazaar   | Bought a potion of resistance for 120 gold pieces
 61573 | Bazaar   | Bought a potion of cancellation for 96 gold pieces
 62096 | Elf:2    | Lost mutation: Armour fits poorly on your strangely shaped body. [potion of mutation]
 62096 | Elf:2    | Gained mutation: You are clumsy. (Dex -2) [potion of mutation]
 62096 | Elf:2    | Gained mutation: Your skin changes colour to match your surroundings (Stealth+). [potion of mutation]
 62096 | Elf:2    | Gained mutation: You are somewhat resistant to further mutation. [potion of mutation]
 62139 | Elf:2    | Noticed Donald
 62648 | Elf:2    | Reached XP level 21. HP: 111/111 MP: 43/43
 62672 | Elf:2    | Killed Donald
 63253 | Elf:3    | Entered Level 3 of the Elven Halls
 63289 | Elf:3    | Noticed Louise
 63291 | Elf:3    | Killed Louise
 63684 | Elf:3    | Found a deep blue altar of Sif Muna.
 66141 | Elf:3    | Got a slimy sapphire amulet
 66142 | Elf:3    | Identified the amulet "Oriubih" {Faith rF+ MR+ MP+9} (You took it off a deep elf blademaster on level 3 of the Elven Halls)
 67139 | Depths:1 | Killed a golden dragon
 68364 | Vaults:5 | Entered Level 5 of the Vaults
 68974 | Vaults:5 | Found the amulet of the Air {Inacc +Fly rElec EV+5 RMsl}
 68978 | Vaults:5 | Reached skill level 10 in Charms
 69572 | Vaults:5 | Learned a level 6 spell: Invisibility
 69581 | Vaults:5 | Got a silver rune of Zot
 69874 | Vaults:5 | Reached XP level 22. HP: 118/118 MP: 39/45
 69930 | Vaults:5 | Identified the Compendium of the Voyage and Contamination
 70965 | Vaults:5 | Noticed a golden dragon
 70967 | Vaults:5 | Found the +0 mask of the Dragon {MR+ Slay+3 SInv}
 70968 | Vaults:5 | Killed a golden dragon
 72089 | Vaults:5 | Got a fine ivory ring
 72090 | Vaults:5 | Identified the ring "Vucaemae" {rF+ MP+9 Int-5 Dex+2 Slay+4} (You took it off an ironbrand convoker on level 5 of the Vaults)
 72360 | Vaults:5 | Found Anaycs's Assorted Antiques.
 72373 | Vaults:5 | Bought 2 potions of haste for 380 gold pieces
 72373 | Vaults:5 | Bought a potion of curing for 57 gold pieces
 72373 | Vaults:5 | Bought a scroll of brand weapon for 380 gold pieces
 73465 | Crypt:1  | Entered Level 1 of the Crypt
 73518 | Crypt:1  | Noticed Mennas
 73520 | Crypt:1  | Killed Mennas
 74474 | Crypt:1  | Reached XP level 23. HP: 125/125 MP: 42/47
 74879 | Crypt:2  | Paralysed by a vampire knight for 2 turns
 75025 | Crypt:2  | Found a magical portal.
 75030 | WizLab   | Entered Doroklohe's Tomb
 75919 | WizLab   | Got a faintly glowing glass ring
 75960 | WizLab   | Identified the ring "Beheofal" {Ice -Tele rElec rPois rN+++} (You found it in a wizard's laboratory)
 77508 | Crypt:2  | Noticed Xtahua
 77512 | Crypt:2  | Killed Xtahua
 77719 | Crypt:2  | Noticed Margery
 77721 | Crypt:2  | Banished Margery
 77721 | Crypt:2  | Reached skill level 15 in Fighting
 78228 | Crypt:2  | Noticed an ancient lich
 78238 | Crypt:2  | Killed an ancient lich
 78511 | Crypt:2  | Found the +6 Majin-Bo {vamp, Archmagi MP+6 Int+6}
 79024 | Crypt:2  | Reached skill level 27 in Stealth
 79244 | Crypt:3  | Entered Level 3 of the Crypt
 81096 | Crypt:3  | Found a staircase to the Tomb.
 82554 | Crypt:3  | Got an ancient glass ring
 82554 | Crypt:3  | Got a pitted bronze ring
 82556 | Crypt:3  | Identified the ring of Eternity {rN+ Str+2} (You found it on level 3 of the Crypt)
 82557 | Crypt:3  | Identified the ring "Muungoss" {rN+ Int+5 Dex+3} (You found it on level 3 of the Crypt)
 82772 | Crypt:3  | Found a basalt altar of Yredelemnul.
 82782 | Crypt:3  | Reached XP level 24. HP: 132/132 MP: 47/48
 83691 | Crypt:3  | Got a shimmering silver ring
 83692 | Crypt:3  | Identified the ring "Gomaesk" {*Tele rElec Int+2} (You took it off a vampire knight on level 3 of the Crypt)
 84535 | D:15     | Learned a level 6 spell: Darkness
 84538 | D:15     | Learned a level 2 spell: Passwall
 84671 | Depths:2 | Found a transporter.
 84676 | Depths:2 | Found a radiant altar of Vehumet.
 84932 | Depths:2 | Gained mutation: Potions are less effective at restoring your health. [mutagenic glow]
 85241 | Depths:2 | Lost mutation: You are clumsy. (Dex -2) [potion of mutation]
 85241 | Depths:2 | Lost mutation: Potions are less effective at restoring your health. [potion of mutation]
 85241 | Depths:2 | Lost mutation: You are somewhat resistant to further mutation. [potion of mutation]
 85241 | Depths:2 | Gained mutation: You are clumsy. (Dex -2) [potion of mutation]
 85241 | Depths:2 | Gained mutation: You are partially covered in slimy green scales. (AC +2) [potion of mutation]
 85241 | Depths:2 | Gained mutation: You are partially covered in molten scales. (AC +2) [potion of mutation]
 86358 | Depths:2 | Found a transporter.
 86385 | Depths:2 | Learned a level 5 spell: Dispel Undead
 86659 | Depths:3 | Reached skill level 1 in Necromancy
 87064 | Depths:3 | Noticed an ancient lich
 87106 | Depths:3 | Killed an ancient lich
 87296 | Depths:3 | Noticed Frederick
 87320 | Depths:3 | Killed Frederick
 87471 | Depths:3 | Gained mutation: You evolve. [mutagenic glow]
 87949 | Depths:3 | Noticed a juggernaut
 87958 | Depths:3 | Killed a juggernaut
 87958 | Depths:3 | Reached skill level 5 in Necromancy
 87960 | Depths:3 | Noticed a juggernaut
 87964 | Depths:3 | Killed a juggernaut
 88416 | Depths:3 | Noticed Jorgrun
 88434 | Depths:3 | Killed Jorgrun
 88601 | Depths:3 | Gained mutation: Your spells are a little harder to cast, but a little more powerful. [evolution]
 88911 | Depths:3 | Reached XP level 25. HP: 139/139 MP: 45/49
 88913 | Depths:3 | Reached skill level 1 in Shields
 89496 | Depths:3 | Identified the Guide on Sinister Secrets and Enhancements
 89545 | Depths:3 | Got a steaming glass ring
 89551 | Depths:3 | Identified the ring "Cilas" {+Fly rN++} (You took it off a vampire knight on level 3 of the Depths)
 90931 | Depths:4 | Noticed a juggernaut
 90971 | Depths:4 | Killed a juggernaut
 92675 | Depths:5 | Entered Level 5 of the Depths
 92715 | Depths:5 | Reached skill level 5 in Shields
 93134 | Depths:5 | Found a gate to the Realm of Zot.
 93291 | Depths:5 | Noticed Boris
 94603 | Depths:5 | Reached XP level 26. HP: 146/146 MP: 50/50
 94663 | Depths:5 | Killed Boris
 94680 | Depths:5 | Reached skill level 27 in Dodging
 94987 | Depths:5 | Found a gateway to a ziggurat.
 95343 | Zig:1    | Entered Level 1 of a ziggurat
 95478 | Zig:2    | Entered Level 2 of a ziggurat
 95505 | Zig:3    | Entered Level 3 of a ziggurat
 95680 | Zig:4    | Entered Level 4 of a ziggurat
 95966 | Zig:5    | Entered Level 5 of a ziggurat
 96326 | Zig:6    | Entered Level 6 of a ziggurat
 96383 | Zig:6    | Reached XP level 27. HP: 151/151 MP: 51/51
 96515 | Zig:6    | Gained mutation: You can translocate small distances at will. [evolution]
 96529 | Zig:7    | Entered Level 7 of a ziggurat
 96542 | Zig:7    | Found the +3 robe of Folly {Archmagi, MR-- Int+5}
 96586 | Zig:7    | Learned a level 8 spell: Controlled Blink
 96810 | Zig:8    | Entered Level 8 of a ziggurat
 97088 | Zig:8    | Got a scorched pewter ring
 97089 | Zig:8    | Identified the ring "Noffosat" {rPois EV+1 Str+2 Stlth+} (You found it on level 8 of a ziggurat)
 97108 | Zig:9    | Entered Level 9 of a ziggurat
 97120 | Zig:9    | Noticed Sogoomee the pandemonium lord
 97142 | Zig:10   | Entered Level 10 of a ziggurat
 97185 | Zig:10   | HP: 7/154 [Hell Sentinel/damnation (35)]
 97323 | Zig:10   | Got a ripped robe
 97744 | Depths:5 | Identified the +3 robe of Miracles {rElec MR+ rCorr Stlth-} (You found it on level 10 of a ziggurat)
 97829 | Zot:1    | Entered Level 1 of the Realm of Zot
 98073 | Zot:1    | Found the +4 dagger "Morg" {pain, MR+ Int+5}
100486 | Zot:2    | Identified the cursed scarf of Tuabboed {-Cast +Fly rCorr} (You found it on level 2 of the Realm of Zot)
101103 | Zot:2    | Noticed an orb of fire
101705 | Zot:3    | Found the +3 warlock's mirror {reflect}
105560 | Zot:5    | Entered Level 5 of the Realm of Zot
106220 | Zot:5    | Noticed an ancient lich
106228 | Zot:5    | Noticed an orb of fire
106229 | Zot:5    | Noticed an orb of fire
106232 | Zot:5    | Noticed an orb of fire
106264 | Zot:5    | Gained mutation: Your magical capacity is low. (-10% MP) [an orb of fire]
106274 | Zot:5    | Gained mutation: You are dopey. (Int -2) [an orb of fire]
106481 | Zot:5    | Noticed an ancient lich
106712 | Zot:5    | Noticed an ancient lich
106729 | Zot:5    | Killed an ancient lich
106808 | Zot:5    | Killed an ancient lich
107030 | Zot:5    | Killed an ancient lich
107604 | Zot:5    | Lost mutation: Your spells are a little harder to cast, but a little more powerful. [an orb of fire]
107609 | Zot:5    | Noticed an orb of fire
107615 | Zot:5    | Noticed an orb of fire
107619 | Zot:5    | HP: 6/164 [Orb Guardian (12)]
107619 | Zot:5    | Killed from afar by an orb of fire

Vault maps used:
D:1:      ncdulo_wetmaze
D:3:      tgw_xom, kennysheep_generic_room_11
D:4:      minmay_temple_entry_statues, first_bread, gup_sewer_entry_bowl
D:5:      st_stairs_3, due_unseen_surprise
D:6:      dk_rats_in_the_wall, uniq_edmund, uniq_eustachio
D:7:      minmay_the_grid_plus_closed, serial_shops, shop
D:8:      nicolae_overflow_hidden_temple, minitemple, serial_shops,
          nicolae_shop_window_shopping, uniq_pikel
D:9:      basic_altar, fedhas_altar_2
D:10:     lair_entry_dummy, grunt_livestock, fountainhead,
          kennysheep_big_empty_room, uniq_psyche
D:11:     evilmike_library_of_no_secrets
D:12:     zombieorc2_lemuel, grunt_ministairs_3, hex_large,
          grunt_decor_fettered, uniq_erolcha
D:13:     minivault_23, uniq_azrael
D:14:     hangedman_vaults_entry_quadrant_bands, minmay_misc_feat_four_crosses
D:15:     hangedman_depths_entry_civil_slaughter, lemuel_crystal_altar
Temple:   eino_narrow_crystal_temple
Lair:1:   st_stairs_10
Lair:2:   elwin_shoals_entry_rooms, guppyfry_snake_entry_garden,
          nicolae_quartered_pool_medium
Lair:3:   minivault_23, hibernation_bobbens
Lair:4:   zaba_antful_of_joy, grunt_megastairs_3
Lair:5:   infiniplex_staircase_pool_2
Lair:6:   hangedman_lair_caniforms_friends, dpeg_slime_entry_enclosed_altar,
          st_stairs_3
Shoals:1: st_shoals_ruin
Shoals:2: nicolae_shoals_wave_tunnel
Shoals:3: nicolae_shoals_dead_sea_scrolls
Shoals:4: shoals_end_simple, shoals_ilsuiw_alternative
Snake:1:  serial_shops, nicolae_shop_waterfront
Snake:2:  cheibrodos_toxic_ritual, serial_shops, shop_fountains
Snake:3:  basic_stair_grate_trap
Snake:4:  snake_pit
Orc:1:    basic_altar
Orc:2:    st_orc_congregation
Elf:1:    eino_elf_arrival_shootout, hangedman_elf_represent, minmay_shop_grove
Elf:2:    serial_shops, statue_bzr, uniq_donald
Elf:3:    minmay_elf_hall_x, basic_altar, kilobyte_rumbling_trees, uniq_louise
Vaults:1: nicolae_vaults_diagonal_hallway_7, v_misc_31,
          nicolae_vaults_little_squares_4, vaults_dpeg_ring, v_misc_14,
          v_rooms_5, nicolae_vaults_what_the_h, ontoclasm_vaults_eye,
          nicolae_vaults_rhombus_6, vaults_mumra_chevron,
          hangedman_vaults_impose, vaults_dpeg_encased_lava,
          hangedman_vaults_pinch, vaults_room_semicircle, vaults_room_fours
Vaults:2: v_rooms_6, hangedman_vaults_slice, vaults_room_boxed,
          nicolae_vaults_windows_and_doors_thing, grunt_vaults_twisty,
          hangedman_vaults_impose, vaults_standard_mumra_lines,
          ontoclasm_vaults_shuriken, ontoclasm_vaults_gateway,
          vaults_room_fancy_cross, uniq_jory, uniq_boris
Vaults:3: v_misc_23, nicolae_vaults_big_ls, v_rooms_2,
          nicolae_vaults_yaktaur_gun_rack, minmay_crypt_entry_simple_walls,
          vaults_room_corners, vaults_dpeg_hooks, vaults_mumra_chevron_long,
          nicolae_vaults_little_squares_6, vaults_mumra_hex
Vaults:4: grunt_vaults_swirl, nicolae_vaults_network_quincunx, v_misc_3,
          vaults_room_door_hall, vaults_room_ringed_pool, v_misc_13, v_misc_26,
          v_misc_27, ontoclasm_vaults_ring_small, st_check,
          ontoclasm_vaults_loading_screen, grunt_vaults_hallway_short,
          vaults_room_stairs_pillars, serial_shops, shop, shop,
          nicolae_shop_window_shopping, shop, nicolae_shop_stone
Crypt:1:  uniq_mennas
Crypt:2:  minmay_guarded_unrand_majin_bo, mu_enter_wizlab_7,
          minmay_misc_feat_rows, uniq_xtahua, uniq_margery
Crypt:3:  evilmike_haunted_forest
Depths:1: hell_entry, grunt_pan_entry_in_and_out, serial_bayou_pond_c,
          abyss_entry_flame_altar, minmay_misc_feat_iff, hangedman_blasphemy,
          grunt_megastairs_1
Depths:2: gammafunk_sealed_library, minmay_misc_feat_enclosed, hell_entry,
          serial_bayou_shore_a
Depths:3: hangedman_pleasuredromes, pan_entry, hell_entry, uniq_frederick,
          uniq_jorgrun
Depths:4: grunt_bent_corner, abyss_entry_crystal, grunt_hell_entry_dis_grunt,
          minmay_door_square, serial_sigils_hangedman_writhe,
          serial_bayou_crossing, serial_bayou_shore_b, serial_bayou_shore_b,
          infiniplex_staircase_pool_1
Depths:5: evilmike_zot_entry_round, enter_ziggurat_b, hangedman_coc_ice_floe,
          abyss_entry, minmay_misc_feat_encased, minmay_orc_keep, uniq_boris
Zot:3:    grunt_megastairs_5
Zot:4:    nicolae_moth_party
Zot:5:    hangedman_zot_decor_scrapings
Zig:3:    ziggurat_pillar_centre_c
Bazaar:   bazaar_kb_twisted_cavern
Sewer:    sewer_fruit_machine
WizLab:   wizlab_doroklohe

Skill      XL: |  1  2  3  4  5  6  7  8  9 10 11 12 13 14 15 16 17 18 19 20 21 22 23 24 25 26 27 |
---------------+----------------------------------------------------------------------------------+-----
Spellcasting   | 3 4 5 6 7 8 9 10 11 12 13 14 15 16 17 18 19 20 21 22 23 24 | 24.0
Hexes          | 4 5 6 7 8 9 10 11 12 13 14 15 17 18 19 20 21 | 21.0
Stealth        | 6 10 12 13 14 15 16 17 18 19 20 21 22 24 26 27 | 27.0
Fighting       | 1 3 4 5 6 7 8 9 10 11 12 13 14 16 17 18 23 | 23.2
Short Blades   | 2 4 6 7 8 9 10 11 12 13 14 | 14.0
Dodging        | 4 6 8 9 11 12 13 14 15 16 17 18 19 20 21 22 24 26 27 | 27.0
Conjurations   | 2 4 6 7 9 |  9.5
Charms         | 4 7 10 12 14 | 14.0
Air Magic      | 2 4 |  4.0
Translocations | 3 |  3.5
Evocations     | 8 |  8.1
Necromancy     | 6 |  6.1
Shields        | 5 7 8 |  8.0

Action                   |  1- 3 |  4- 6 |  7- 9 | 10-12 | 13-15 | 16-18 | 19-21 | 22-24 | 25-27 || total
-------------------------+-------+-------+-------+-------+-------+-------+-------+-------+-------++-------
Melee: Dagger            |    86 |   214 |   147 |   678 |   780 |       |       |       |       ||  1905
       Quick blade       |       |       |       |       |   754 |  1031 |  1260 |  1981 |  1669 ||  6695
 Cast: Corona            |     3 |       |       |       |       |       |       |       |       ||     3
       Ensorcelled Hiber |    18 |    40 |    35 |    86 |   120 |    91 |     7 |       |     1 ||   398
       Confuse           |     1 |    12 |    19 |    59 |   106 |   123 |   115 |   105 |    52 ||   592
       Dazzling Spray    |       |     8 |     5 |     9 |    41 |   108 |    23 |    21 |     9 ||   224
       Tukima's Dance    |       |       |     1 |     2 |     3 |    20 |       |       |       ||    26
       Discord           |       |       |       |       |       |    23 |    67 |    56 |    61 ||   207
       Spectral Weapon   |       |       |       |       |       |       |    21 |    25 |    39 ||    85
       Deflect Missiles  |       |       |       |       |       |       |     2 |       |     6 ||     8
       Invisibility      |       |       |       |       |       |       |       |    20 |    29 ||    49
       Silence           |       |       |       |       |       |       |       |     1 |     3 ||     4
Invok: Shadow Step       |       |       |       |     4 |     5 |    16 |    13 |    22 |    11 ||    71
 Abil: Evoke Invisibilit |       |       |       |       |       |       |     9 |     1 |       ||    10
Evoke: Wand              |       |       |       |       |     4 |       |       |     2 |     5 ||    11
  Use: Scroll            |     6 |     8 |    10 |    10 |    15 |    13 |    10 |    28 |    35 ||   135
       Potion            |       |     2 |       |     3 |    12 |    21 |    12 |    24 |    28 ||   102
 Stab: Sleeping          |    24 |    19 |    43 |   106 |   210 |   163 |   152 |   162 |   110 ||   989
       Confused          |     1 |     8 |    12 |    38 |    72 |    87 |    61 |    69 |    28 ||   376
       Distracted        |     1 |     1 |       |     5 |    11 |    11 |    25 |    38 |    49 ||   141
       Invisible         |       |     1 |     2 |     4 |    86 |    47 |    29 |    53 |    85 ||   307
  Eat: Royal jelly       |     1 |     4 |     1 |     6 |     6 |    14 |     2 |     5 |     3 ||    42
       Fruit             |       |       |       |       |     3 |       |     6 |     2 |     8 ||    19
       Bread ration      |       |       |       |       |       |       |     6 |     5 |     3 ||    14
Armor: Robe              |     7 |    17 |     3 |    12 |    74 |    37 |    35 |    50 |    66 ||   301
Dodge: Dodged            |    57 |   235 |    89 |   468 |   903 |   546 |   492 |   827 |   918 ||  4535
       Deflected         |       |       |       |       |       |       |     4 |     8 |    23 ||    35
Block: Buckler           |       |       |       |       |       |       |       |       |   199 ||   199
       Reflection        |       |       |       |       |       |       |       |       |    15 ||    15
